 Dungeon Crawl Stone Soup version 0.30.1-11-g7821555f0a (webtiles) character file.

Game seed: 12465087183784316810

9 Chiseanne the Sneak (level 2, 20/20 HPs)
             Began as a Demonspawn Wanderer on Nov 17, 2023.
             Quit the game on level 1 of the Dungeon.
             The game lasted 00:00:22 (120 turns).

Chiseanne the Sneak (Demonspawn Wanderer)            Turns: 120, Time: 00:00:23

Health: 20/20      AC:  6    Str: 12    XL:     2   Next: 3%
Magic:  3/3        EV:  9    Int: 12    God:
Gold:   0          SH:  0    Dex: 13    Spells: 2/3 levels left

rFire   . . .        a - +2 dagger
rCold   . . .        (no shield)
rNeg    . . .        c - +0 scale mail
rPois   .            (helmet restricted)
rElec   .            (no cloak)
rCorr   .            (no gloves)
SInv    .            (no boots)
Will    .....        (no amulet)
Stlth   +            (no ring)
HPRegen 0.23/turn    (no ring)
MPRegen 0.08/turn

%: no passive effects
@: no status effects
A: antennae 1
a: no special abilities


You were on level 1 of the Dungeon.
You visited 1 branch of the dungeon, and saw 1 of its levels.

Inventory:

Hand Weapons
 a - a +2 dagger (weapon)
Armour
 c - a +0 scale mail (worn)
Scrolls
 d - a scroll of teleportation
Potions
 b - a potion of berserk rage
 e - 2 potions of lignification {unknown}


   Skills:
 * Level 0.8 Fighting
 * Level 2.9 Armour
 * Level 1.3 Dodging
 - Level 3.6 Stealth
 - Level 1.0 Spellcasting
 - Level 1.0 Fire Magic


You had 2 spell levels left.
You knew the following spells:

 Your Spells              Type           Power      Damage    Failure   Level
a - Foxfire               Conj/Fire      4%         2x1d4     77%         1

Your spell library contained the following spells:

 Spells                   Type           Power      Damage    Failure   Level
 Inner Flame              Hex/Fire       1%         N/A       98%         3


Dungeon Overview and Level Annotations

Branches:
Dungeon (1/15)

Altars:


Innate Abilities, Weirdness & Mutations

You have a pair of small antennae on your head.


Message History

The hobgoblin hits you.
You closely miss the hobgoblin. The hobgoblin barely misses you.
You hit the hobgoblin.
The hobgoblin is heavily wounded.
The hobgoblin hits you but does no damage.
You closely miss the hobgoblin.
The hobgoblin is heavily wounded.
The hobgoblin hits you.
You hit the hobgoblin.
You kill the hobgoblin!
No target in view!
No target in view!
No target in view!
No target in view!
No target in view!
No target in view!
No target in view!
No target in view!
No target in view!
No target in view!
No target in view!
A bat and a quokka come into view.
You completely miss the bat. The bat barely misses you.
You hit the bat.
The bat is severely wounded.
The bat closely misses you.
You closely miss the bat.
The bat is severely wounded.
The bat hits you but does no damage. The bat misses you.
The bat barely misses you.
You barely miss the bat.
The bat is heavily wounded.
The bat barely misses you. The bat hits you but does no damage.
You hit the bat.
You kill the bat!
You have reached level 2!
You feel monstrous as your demonic heritage exerts itself.
Your demonic ancestry asserts itself...
A pair of antennae grows on your head!
Are you sure you want to abandon this character and quit the game? (Confirm with "yes".)

########.#.#.#.# ..
#.#.#.#.#..# ..
#.#.#.#.#..# #..
..#.#.#.#r.#
..#...####.#.#.#..#
.. ..........#.#..#
#.
.#.####.#.#.#..######
.. #.#.#.#........ ..
#.#'#.#@###### .
#.............. #.
#......######## .
#.......... .
#......#### ........#
. ####.....# ..
#.....# #. ##.####


You could see a quokka (asleep).

Vanquished Creatures
  A goblin (D:1)
  2 hobgoblins (D:1)
  A ball python (D:1)
  3 bats (D:1)
  A rat (D:1)
8 creatures vanquished.

Notes
Turn   | Place    | Note
-------+----------+-------------------------------------------
     0 | D:1      | Chiseanne the Demonspawn Wanderer began the quest for the
                  | Orb.
     0 | D:1      | Chiseanne set off with the following items: a +2 dagger, a
                  | potion of berserk rage, a +0 scale mail, a scroll of
                  | teleportation; and the following spell memorised: Foxfire;
                  | and the following spells available to memorise: Inner
                  | Flame.
     0 | D:1      | Reached XP level 1. HP: 13/13 MP: 2/2
   120 | D:1      | Discovered your monstrous ancestry.
   120 | D:1      | Gained mutation: You have a pair of small antennae on your
                  | head. [demonic ancestry]
   120 | D:1      | Reached XP level 2. HP: 20/20 MP: 3/3
   120 | D:1      | Quit the game

Illustrated notes

Levels and vault maps discovered:
D:1:      minmay_arrival_radiant_lines, layout_basic, serial_park_tiny_pond,
          minmay_misc_feat_columns

Action                     || total
---------------------------++-------
  Melee: Dagger            ||    28
 Armour: Scale mail        ||    18
  Dodge: Dodged            ||    19
